AoeStats
← Nego D

Oasis

508102958Analyzed
2v2 RM · 12d ago on Sep 20, 2026· 18m 11s· 4 players
Game mode
Random Map
Map size
Medium (4 player)
Population
200
Speed
Normal
Resources
Standard
Victory
Conquest
Starting age
Dark Age
Ending age
Imperial Age
RankedLock teamsTeams togetherTeam positionsShared explorationLock speedFull tech treeHidden civsTurbo modeCheats
Victory
Defeat
🇦🇷 Inca · Argentina
1305
+15
🇦🇷 Mongols · Argentina
1302
+15
1347
-17
🇧🇷 Franks · Brazil
1231
-13
Bardock
6:52 Loom
10:27 Feudal Age
12:39 Fletching
18:02 Padded Archer Armor
Vegeta
5:50 Loom
8:11 Feudal Age
9:55 Double-Bit Axe
20:10 Castle Age
Mülltonnenbelästigungsgesetz
11:30 Feudal Age
9:59 Loom
13:04 Double-Bit Axe
13:00 Horse Collar
18:01 Castle Age
Nego D
0:26 Loom
9:56 Feudal Age
15:13 Wheelbarrow
Connection lost

Rejoining the realm…

Still unreachable

The connection could not be restored.

Session expired

The server has moved on; the page needs a fresh start.